 Dungeon Crawl Stone Soup version 0.28.0 (webtiles) character file.

Game seed: 6633287196443112132

536 brinewave the Skirmisher (level 7, -17/63 HPs)
             Began as a Minotaur Berserker on Feb 19, 2022.
             Was a Believer of Trog.
             Demolished by a two-headed ogre (18 damage)
             ... on level 5 of the Dungeon.
             The game lasted 00:11:00 (4105 turns).

brinewave the Skirmisher (Minotaur Berserker)       Turns: 4105, Time: 00:11:01

Health: -17/63     AC: 10    Str: 24    XL:     7   Next: 4%
Magic:  2/2        EV:  8    Int:  4    God:    Trog [**....]
Gold:   195        SH:  0    Dex:  9    Spells: 6/6 levels left

rFire   . . .      SeeInvis .   l - +10 hand axe of Death's Door {antimagic, rPois rCorr}
rCold   . . .      Faith    .   (no shield)
rNeg    . . .      Spirit   .   g - +0 chain mail
rPois   +          Reflect  .   (helmet restricted)
rElec   .          Harm     .   (no cloak)
rCorr   +          Rampage  .   (no gloves)
Will    .....                   (no boots)
Stlth   ..........              (no amulet)
HPRegen 0.20/turn               (no ring)
MPRegen 0.08/turn               (no ring)

@: on berserk cooldown, slowed, very slow
A: horns 2, retaliatory headbutt
a: Renounce Religion, Berserk, Trog's Hand


You were on level 5 of the Dungeon.
You worshipped Trog.
Trog was pleased with you.
You visited 1 branch of the dungeon, and saw 5 of its levels.

You collected 195 gold pieces.

Inventory:

Hand Weapons
 l - the +10 hand axe of Death's Door (weapon) {antimagic, rPois rCorr}
   (You found it on level 3 of the Dungeon)

   It reduces the magical energy of the wielder, and disrupts the spells and
   magical abilities of those it strikes.
   Natural abilities and divine invocations are not affected.
   rPois:     It protects you from poison.
   rCorr:     It protects you from acid and corrosion.
Missiles
 d - 22 bolts
 k - 3 poisoned darts (quivered)
Armour
 g - a +0 chain mail (worn)
Jewellery
 b - a ring of resist corrosion
 i - the ring "Xukakkiu" {rElec rN+ Will+ rCorr Str-5}
   (You found it on level 2 of the Dungeon)

   [ring of willpower]

   Str:       It affects your strength (-5).
   rElec:     It insulates you from electricity.
   rN:        It protects you from negative energy.
   rCorr:     It protects you from acid and corrosion.
   Will:      It increases your willpower.
Potions
 a - a potion of resistance
 c - 2 potions of heal wounds
 e - a potion of haste
 f - 3 potions of curing


   Skills:
 + Level 6.3 Fighting
 + Level 6.3 Axes
 + Level 5.6 Armour
 - Level 2.1 Dodging


You had 6 spell levels left.
You didn't know any spells.
Your spell library was empty.

Dungeon Overview and Level Annotations

Branches:
Dungeon (5/15)             Temple (0/1) D:4

Altars:
Trog


Innate Abilities, Weirdness & Mutations

You have a pair of horns on your head.
You reflexively headbutt those who attack you in melee.


Message History

The killer bee closely misses you. You furiously retaliate!
You headbutt the killer bee! The killer bee closely misses you.
A red film seems to cover your vision as you go berserk!
You feel yourself moving faster!
You feel mighty! The killer bee closely misses you. You furiously retaliate!
You headbutt the killer bee!
You kill the killer bee!
Trog accepts your kill.
You barely miss the adder. Your headbutt misses the adder. The adder bites you.
You hit the adder. Your headbutt misses the adder.
The adder is lightly wounded.
The adder bites you but does no damage.
You slice the adder!!
You kill the adder!
Trog accepts your kill.
You slash the iguana! Your headbutt misses the iguana.
The iguana is severely wounded.
The iguana barely misses you. You furiously retaliate!
You headbutt the iguana. You slash the iguana!
You kill the iguana!
Trog accepts your kill.
You slash the centaur zombie!
You destroy the centaur zombie!
Trog accepts your kill.
You have reached level 7!
Things that are here:
an iguana corpse; a killer bee corpse You feel a strong urge to attack something.
An iguana comes into view.
You are no longer berserk.
You are exhausted.
You feel yourself slow down.
The two-headed ogre hits you with a +0 giant club! x2
* * * LOW HITPOINT WARNING * * *
You hit the two-headed ogre but do no damage.
The two-headed ogre completely misses you.
The two-headed ogre hits you with a +0 giant club!
* * * LOW HITPOINT WARNING * * *
The two-headed ogre hits you with a +0 giant club!!
You die... owy. ..# # OY#

..# # ## ######### .. #......#
.## lZ #......# ### .##..#.
#..##..# ####### #..
#.##.....#..##..######.#...###..
##.##.....'......#..†............
#...#######....O@†.####.##.......
#...###.# ########## #.##......≈
.....##.#### #.##......≈
...........# #.#......≈≈
#..####.##.# ###.#....≈≈≈≈ #..#
#.##.# #......≈≈≈≈≈≈ #..####.##.#
#.#..#..≈§≈≈≈ #.......##.#
#.#..#...≈≈≈≈ #...######.#
#.#........≈≈


You could see a two-headed ogre.

Vanquished Creatures
  3 scorpions
  A killer bee (D:5)
  A centaur zombie (D:5)
  An orc priest (D:4)
  2 iguanas (D:5)
  An orc wizard (D:4)
  5 gnolls
  6 adders
  A worm (D:2)
  A dart slug (D:3)
  8 orcs
  5 endoplasms
  3 giant cockroaches (D:1)
  8 goblins
  7 hobgoblins
  2 jackals (D:2)
  4 kobolds
  3 quokkas
  A ball python (D:1)
  4 bats
  3 frilled lizards
  9 rats
79 creatures vanquished.

Notes
Turn   | Place    | Note
-------+----------+-------------------------------------------
     0 | D:1      | brinewave the Minotaur Berserker began the quest for the
                  | Orb.
     0 | D:1      | Reached XP level 1. HP: 19/19 MP: 0/0
   292 | D:1      | Reached XP level 2. HP: 27/27 MP: 1/1
   601 | D:1      | Reached ** piety under Trog
   711 | D:1      | Reached XP level 3. HP: 33/33 MP: 2/2
  1253 | D:2      | Found a faded altar of an unknown god.
  1655 | D:2      | Reached XP level 4. HP: 39/41 MP: 3/3
  1807 | D:2      | Identified the ring "Xukakkiu" {rElec rN+ Will+ rCorr
                  | Str-5}
  2198 | D:3      | Identified the +10 hand axe of Death's Door {antimagic,
                  | rPois rCorr}
  2825 | D:4      | Reached skill level 5 in Fighting
  2825 | D:4      | Reached skill level 5 in Axes
  2825 | D:4      | Reached XP level 5. HP: 48/48 MP: 1/4
  3251 | D:4      | Found a staircase to the Ecumenical Temple.
  3354 | D:4      | Found a bloodstained altar of Trog.
  3378 | D:4      | Reached XP level 6. HP: 56/56 MP: 1/5
  3486 | D:5      | Entered Level 5 of the Dungeon
  3660 | D:5      | Reached skill level 5 in Armour
  3955 | D:5      | Noticed a two-headed ogre
  4071 | D:5      | Noticed an ice beast
  4101 | D:5      | Reached XP level 7. HP: 49/63 MP: 2/6
  4104 | D:5      | HP: 1/63 [two-headed ogre (15)]
  4105 | D:5      | Demolished by a two-headed ogre

Illustrated notes

Levels and vault maps discovered:
D:1:      dpeg_arrival_round_b, layout_basic, minmay_stone_trees_small,
          minmay_bisected
D:2:      layout_basic, serial_forest, infiniplex_forest_lined_2,
          infiniplex_forest_straight_2, infiniplex_forest_lined_corner,
          infiniplex_forest_straight_2, infiniplex_forest_lined_4_way,
          infiniplex_forest_lined_room_2, infiniplex_forest_straight_3,
          infiniplex_forest_lined_3_way, infiniplex_forest_clump_medium,
          infiniplex_forest_zigzag_1, ebering_ecumenical_altar_hall
D:3:      layout_loops_ring, nicolae_elevator_lobby_asterisk
D:4:      layout_rooms, nicolae_overflow_hidden_temple,
          minmay_temple_entry_proselytizer
D:5:      minmay_clustersquares, layout_loops_corners, chequers_arboretum,
          lemuel_old_faithful

Skill      XL: |  1  2  3  4  5  6 |
---------------+-------------------+-----
Fighting       | 4 5 6 |  6.3
Axes           | 4 5 6 |  6.3
Armour         | 3 4 5 |  5.6
Dodging        | |  2.1

Action                   |  1- 3 |  4- 6 |  7- 9 || total
-------------------------+-------+-------+-------++-------
Melee: Hand axe          |   105 |    74 |     1 ||   180
       Headbutt          |    17 |    10 |       ||    27
       Punch             |     1 |       |       ||     1
Invok: Berserk           |     1 |     1 |       ||     2
  Use: Scroll            |     2 |     7 |       ||     9
Armor: Animal skin       |     7 |       |       ||     7
       Leather armour    |    23 |       |       ||    23
       Scale mail        |       |    15 |       ||    15
       Chain mail        |       |     6 |       ||     6
Dodge: Dodged            |    40 |    45 |     1 ||    86
